[ AOE2 MATCH · #506407364 ]
UnrankedItalians vs Celts
Player's team · LOSS
Rival team · WIN
[ REPLAY ANALYSIS · EXTRACTED FROM THE RECORDED GAME ]
Feudal
8:26
Castle
20:36
Imperial
39:10
| APM avg | 56.8 |
| APM peak | 116 |
| eAPM avg | 32.8 |
| Villagers / military | 144 / 98 |
Focus
⚔️ 41.1% · 🌾 58.9%
Unknown (882) ×72 · Knight ×46 · Spearman ×14 · Archer ×13 · Genoese Crossbowman ×13 · Monk ×6
Feudal
13:12
Castle
17:53
Imperial
34:55
| APM avg | 79.4 |
| APM peak | 131 |
| eAPM avg | 49.8 |
| Villagers / military | 190 / 168 |
Focus
⚔️ 59.9% · 🌾 40.1%
Spearman ×93 · Scorpion ×42 · Trebuchet (Packed) ×11 · Monk ×8 · Knight ×6 · Battering Ram ×5
Match map
Initial resources + every placement click. Lines = walls · curves = elevation contours. ◆ gold · ⬟ stone · ● berries · ✦ relic · ◌ wall gap
Your base· Open — opponent sealed themselves in
Sóc Min's base· ✓ Closed at 17:53 · 89t walls · no gate
Smoothed initial terrain · ◌ = detected wall gap · hover for details
Inputs per minute
— PNAL | Miller - - Sóc Min
Build order — PNAL | Miller
First 150 of 554 actions detected
| 0:00 | Queue | Villager (Male) |
| 0:02 | Build | House |
| 0:03 | Build | House |
| 0:18 | Queue | Villager (Male) |
| 0:24 | Queue | Villager (Male) |
| 0:27 | Queue | Villager (Male) |
| 1:25 | Queue | Villager (Male) |
| 1:25 | Queue | Villager (Male) |
| 1:45 | Build | Lumber Camp |
| 1:58 | Queue | Villager (Male) |
| 1:58 | Queue | Villager (Male) |
| 2:14 | Queue | Villager (Male) |
| 2:14 | Queue | Villager (Male) |
| 2:39 | Queue | Villager (Male) |
| 3:09 | Queue | Villager (Male) |
| 3:09 | Queue | Villager (Male) |
| 3:32 | Queue | Villager (Male) |
| 3:58 | Build | House |
| 4:04 | Build | House |
| 4:07 | Queue | Villager (Male) |
| 4:07 | Queue | Villager (Male) |
| 4:32 | Build | Mill |
| 4:47 | Queue | Villager (Male) |
| 5:11 | Queue | Villager (Male) |
| 5:39 | Research | Loom |
| 6:16 | Research | Feudal Age |
| 6:16 | Research | Feudal Age |
| 6:25 | Build | Lumber Camp |
| 6:52 | Build | Palisade Wall |
| 6:58 | Build | Palisade Wall |
| 7:03 | Build | Palisade Wall |
| 7:05 | Build | Palisade Wall |
| 7:11 | Queue | Villager (Male) |
| 7:38 | Queue | Villager (Male) |
| 7:51 | Build | Barracks |
| 8:02 | Build | Palisade Wall |
| 8:26 | Age | Feudal Age |
| 8:37 | Build | House |
| 8:41 | Build | House |
| 8:42 | Queue | Villager (Male) |
| 8:43 | Queue | Villager (Male) |
| 8:49 | Build | House |
| 9:00 | Queue | Villager (Male) |
| 9:08 | Build | Archery Range |
| 9:50 | Build | Mining Camp |
| 9:59 | Queue | Archer |
| 10:07 | Queue | Archer |
| 10:10 | Queue | Villager (Male) |
| 10:13 | Build | House |
| 10:19 | Queue | Villager (Male) |
| 10:36 | Research | Double-Bit Axe |
| 10:36 | Research | Double-Bit Axe |
| 10:53 | Queue | Villager (Male) |
| 11:10 | Build | Watch Tower |
| 11:18 | Queue | Villager (Male) |
| 11:19 | Queue | Villager (Male) |
| 11:21 | Queue | Archer |
| 11:39 | Build | Watch Tower |
| 11:42 | Build | Blacksmith |
| 11:44 | Queue | Villager (Male) |
| 11:47 | Build | Farm |
| 11:47 | Build | Farm |
| 11:47 | Build | Farm |
| 11:47 | Build | Farm |
| 12:04 | Queue | Villager (Male) |
| 12:06 | Build | Farm |
| 12:26 | Build | Watch Tower |
| 12:27 | Queue | Villager (Male) |
| 12:32 | Build | Watch Tower |
| 12:36 | Build | Watch Tower |
| 12:38 | Queue | Archer |
| 12:42 | Research | Town Watch |
| 12:42 | Research | Town Watch |
| 12:44 | Build | Palisade Wall |
| 12:47 | Build | House |
| 12:55 | Queue | Villager (Male) |
| 12:56 | Research | Fletching |
| 12:57 | Build | Outpost |
| 13:07 | Build | House |
| 13:09 | Build | Farm |
| 13:09 | Build | Farm |
| 13:09 | Build | Farm |
| 13:19 | Build | Farm |
| 13:19 | Build | Farm |
| 13:20 | Queue | Archer |
| 13:37 | Queue | Villager (Male) |
| 13:44 | Build | Farm |
| 13:44 | Build | Farm |
| 13:44 | Build | Farm |
| 13:56 | Queue | Villager (Male) |
| 14:04 | Queue | Villager (Male) |
| 14:24 | Queue | Archer |
| 14:24 | Queue | Villager (Male) |
| 14:42 | Build | Mining Camp |
| 14:43 | Queue | Villager (Male) |
| 14:44 | Queue | Archer |
| 14:53 | Build | Farm |
| 14:53 | Build | Farm |
| 14:53 | Build | Farm |
| 14:57 | Queue | Villager (Male) |
| 15:02 | Queue | Villager (Male) |
| 15:10 | Queue | Villager (Male) |
| 15:14 | Build | Palisade Wall |
| 15:16 | Build | Palisade Wall |
| 15:19 | Queue | Archer |
| 15:19 | Queue | Archer |
| 15:30 | Queue | Villager (Male) |
| 15:32 | Build | House |
| 15:38 | Queue | Villager (Male) |
| 15:49 | Build | Palisade Wall |
| 15:53 | Build | House |
| 15:58 | Build | Mill |
| 16:26 | Build | Market |
| 16:43 | Queue | Villager (Male) |
| 17:01 | Queue | Villager (Male) |
| 17:23 | Build | Watch Tower |
| 17:56 | Research | Castle Age |
| 17:56 | Research | Castle Age |
| 18:01 | Build | Palisade Wall |
| 18:02 | Build | Palisade Gate |
| 18:18 | Build | Lumber Camp |
| 18:21 | Research | Horse Collar |
| 18:54 | Queue | Villager (Male) |
| 18:57 | Queue | Spearman |
| 18:58 | Queue | Spearman |
| 18:58 | Queue | Spearman |
| 18:58 | Queue | Spearman |
| 19:15 | Build | Palisade Wall |
| 19:30 | Build | House |
| 19:51 | Queue | Spearman |
| 20:29 | Research | Forging |
| 20:29 | Research | Scale Mail Armor |
| 20:36 | Age | Castle Age |
| 20:41 | Build | Town Center |
| 20:51 | Build | Monastery |
| 20:52 | Queue | Villager (Male) |
| 20:58 | Research | Pikeman (upgrade) |
| 20:59 | Research | Pikeman (upgrade) |
| 21:02 | Queue | Villager (Male) |
| 21:09 | Research | Crossbowman (upgrade) |
| 21:09 | Research | Crossbowman (upgrade) |
| 21:25 | Research | Bow Saw |
| 21:33 | Queue | Archer |
| 21:39 | Queue | Villager (Male) |
| 21:47 | Build | Palisade Wall |
| 21:48 | Build | Palisade Wall |
| 21:49 | Build | Palisade Wall |
| 21:50 | Build | Palisade Wall |
| 21:52 | Queue | Monk |
| 22:08 | Queue | Villager (Male) |
Build order — Sóc Min
First 150 of 572 actions detected
| 0:03 | Queue | Villager (Male) ×4 |
| 0:03 | Queue | Villager (Male) ×4 |
| 0:04 | Queue | Villager (Male) ×4 |
| 0:04 | Build | House |
| 0:06 | Build | House |
| 1:31 | Queue | Villager (Male) |
| 1:32 | Queue | Villager (Male) |
| 1:32 | Queue | Villager (Male) |
| 2:02 | Queue | Villager (Male) |
| 2:03 | Queue | Villager (Male) |
| 2:03 | Queue | Villager (Male) |
| 2:27 | Build | Lumber Camp |
| 2:28 | Queue | Villager (Male) |
| 2:28 | Queue | Villager (Male) |
| 2:29 | Queue | Villager (Male) |
| 2:55 | Queue | Villager (Male) |
| 2:56 | Queue | Villager (Male) |
| 2:56 | Queue | Villager (Male) |
| 2:56 | Queue | Villager (Male) |
| 2:56 | Queue | Villager (Male) |
| 3:33 | Build | House |
| 3:38 | Queue | Villager (Male) |
| 3:39 | Queue | Villager (Male) |
| 3:39 | Queue | Villager (Male) |
| 4:11 | Queue | Villager (Male) |
| 4:12 | Queue | Villager (Male) |
| 5:07 | Build | Barracks |
| 5:23 | Queue | Villager (Male) |
| 5:47 | Queue | Villager (Male) |
| 5:48 | Queue | Militia |
| 5:48 | Queue | Militia |
| 5:52 | Build | House |
| 6:10 | Queue | Villager (Male) |
| 6:20 | Queue | Militia |
| 6:25 | Build | House |
| 6:30 | Queue | Villager (Male) |
| 6:36 | Build | Palisade Wall |
| 6:43 | Build | House |
| 6:58 | Research | Loom |
| 6:58 | Research | Loom |
| 6:59 | Research | Loom |
| 6:59 | Research | Loom |
| 7:02 | Build | Mill |
| 7:13 | Build | Palisade Wall |
| 7:14 | Build | Palisade Wall |
| 7:20 | Build | Palisade Wall |
| 7:21 | Build | Palisade Wall |
| 7:28 | Queue | Villager (Male) |
| 7:40 | Build | Palisade Wall |
| 8:03 | Queue | Villager (Male) |
| 8:10 | Build | Palisade Wall |
| 8:12 | Build | Palisade Wall |
| 8:18 | Queue | Villager (Male) |
| 8:26 | Build | Palisade Wall |
| 8:39 | Queue | Villager (Male) |
| 8:41 | Build | Mill |
| 8:48 | Build | Palisade Wall |
| 8:59 | Queue | Villager (Male) |
| 9:01 | Queue | Villager (Male) |
| 9:19 | Build | Farm |
| 9:25 | Queue | Villager (Male) |
| 9:55 | Build | House |
| 10:04 | Build | House |
| 10:07 | Queue | Villager (Male) |
| 10:08 | Build | Farm |
| 10:10 | Build | Farm |
| 10:19 | Build | Farm |
| 10:30 | Build | House |
| 10:33 | Build | Palisade Wall |
| 10:34 | Build | Palisade Wall |
| 10:39 | Build | Palisade Wall |
| 10:42 | Build | Palisade Wall |
| 10:46 | Build | Farm |
| 10:57 | Research | Feudal Age |
| 10:57 | Research | Feudal Age |
| 10:58 | Research | Feudal Age |
| 10:58 | Research | Feudal Age |
| 11:21 | Build | Mining Camp |
| 12:05 | Build | Farm |
| 12:09 | Build | Farm |
| 12:20 | Build | House |
| 12:39 | Queue | Villager (Male) |
| 13:12 | Age | Feudal Age |
| 13:17 | Build | Market |
| 13:28 | Queue | Villager (Male) |
| 13:40 | Build | Stable |
| 13:48 | Build | House |
| 13:49 | Queue | Villager (Male) |
| 14:06 | Build | Watch Tower |
| 14:12 | Build | House |
| 14:29 | Queue | Villager (Male) |
| 14:38 | Build | House |
| 15:02 | Build | Farm |
| 15:05 | Build | Farm |
| 15:13 | Research | Castle Age |
| 15:14 | Research | Castle Age |
| 15:14 | Research | Castle Age |
| 15:31 | Build | House |
| 15:44 | Research | Double-Bit Axe |
| 15:45 | Research | Double-Bit Axe |
| 15:45 | Research | Double-Bit Axe |
| 16:01 | Research | Gold Mining |
| 16:02 | Research | Gold Mining |
| 16:02 | Research | Gold Mining |
| 16:10 | Build | House |
| 16:11 | Build | House |
| 16:20 | Build | Farm |
| 16:38 | Build | House |
| 16:40 | Build | House |
| 16:48 | Build | Farm |
| 17:21 | Build | House |
| 17:36 | Queue | Villager (Male) |
| 17:40 | Build | Watch Tower |
| 17:48 | Build | House |
| 17:53 | Age | Castle Age |
| 17:55 | Build | Blacksmith |
| 17:56 | Queue | Knight |
| 17:57 | Queue | Villager (Male) |
| 18:01 | Research | Bow Saw |
| 18:01 | Research | Bow Saw |
| 18:01 | Research | Bow Saw |
| 18:14 | Queue | Knight |
| 18:40 | Queue | Villager (Male) |
| 18:45 | Build | Siege Workshop |
| 18:52 | Queue | Knight |
| 19:19 | Queue | Villager (Male) |
| 19:21 | Build | Farm |
| 19:21 | Build | Farm |
| 19:24 | Queue | Battering Ram |
| 19:32 | Build | House |
| 19:37 | Queue | Knight |
| 19:40 | Queue | Villager (Male) |
| 19:50 | Queue | Knight |
| 19:55 | Build | Farm |
| 20:09 | Build | Farm |
| 20:20 | Research | Scale Barding Armor |
| 20:20 | Research | Scale Barding Armor |
| 20:20 | Research | Scale Barding Armor |
| 20:30 | Queue | Villager (Male) |
| 20:33 | Build | Monastery |
| 20:39 | Queue | Scorpion |
| 20:48 | Queue | Villager (Male) |
| 21:00 | Queue | Scorpion |
| 21:07 | Queue | Villager (Male) |
| 21:09 | Build | Farm |
| 21:09 | Build | Farm |
| 21:23 | Queue | Scorpion |
| 21:42 | Queue | Villager (Male) |
| 21:46 | Build | Farm |
| 21:54 | Queue | Knight |
Match timeline
| 5:07 | Sóc Min · first_building Barracks |
| 6:36 | Sóc Min · wall_segment Palisade Wall x10 |
| 6:52 | PNAL | Miller · wall_segment Palisade Wall x4 |
| 6:58 | PNAL | Miller · wall_segment Palisade Wall x4 |
| 7:03 | PNAL | Miller · wall_segment Palisade Wall x2 |
| 7:05 | PNAL | Miller · wall_segment Palisade Wall x5 |
| 7:13 | Sóc Min · wall_segment Palisade Wall x9 |
| 7:14 | Sóc Min · wall_segment Palisade Wall x3 |
| 7:20 | Sóc Min · wall_segment Palisade Wall x9 |
| 7:21 | Sóc Min · wall_segment Palisade Wall x15 |
| 7:40 | Sóc Min · wall_segment Palisade Wall x3 |
| 7:51 | PNAL | Miller · first_building Barracks |
| 8:02 | PNAL | Miller · wall_segment Palisade Wall x2 |
| 8:10 | Sóc Min · wall_segment Palisade Wall x2 |
| 8:12 | Sóc Min · wall_segment Palisade Wall x5 |
| 8:26 | PNAL | Miller · age_up feudal |
| 8:26 | Sóc Min · wall_segment Palisade Wall x14 |
| 8:48 | Sóc Min · wall_segment Palisade Wall x5 |
| 9:08 | PNAL | Miller · first_building Archery Range |
| 10:33 | Sóc Min · wall_segment Palisade Wall x6 |
| 10:34 | Sóc Min · wall_segment Palisade Wall x7 |
| 10:39 | Sóc Min · wall_segment Palisade Wall x1 |
| 10:42 | Sóc Min · wall_segment Palisade Wall x8 |
| 12:44 | PNAL | Miller · wall_segment Palisade Wall x1 |
| 13:12 | Sóc Min · age_up feudal |
| 13:40 | Sóc Min · first_building Stable |
| 15:14 | PNAL | Miller · wall_segment Palisade Wall x1 |
| 15:16 | PNAL | Miller · wall_segment Palisade Wall x1 |
| 15:49 | PNAL | Miller · wall_segment Palisade Wall x1 |
| 17:18 | PNAL | Miller · first_market_sell 500 wood |
| 17:32 | PNAL | Miller · first_market_buy 100 food |
| 17:35 | Sóc Min · first_market_buy 100 stone |
| 17:53 | Sóc Min · age_up castle |
| 18:01 | PNAL | Miller · wall_segment Palisade Wall x6 |
| 18:45 | Sóc Min · first_building Siege Workshop |
| 19:15 | PNAL | Miller · wall_segment Palisade Wall x1 |
| 20:33 | Sóc Min · first_building Monastery |
| 20:36 | PNAL | Miller · age_up castle |
| 20:51 | PNAL | Miller · first_building Monastery |
| 21:47 | PNAL | Miller · wall_segment Palisade Wall x1 |
| 21:48 | PNAL | Miller · wall_segment Palisade Wall x1 |
| 21:49 | PNAL | Miller · wall_segment Palisade Wall x1 |
| 21:50 | PNAL | Miller · wall_segment Palisade Wall x1 |
| 22:40 | PNAL | Miller · wall_segment Palisade Wall x1 |
| 22:51 | PNAL | Miller · first_building Stable |
| 26:13 | PNAL | Miller · wall_segment Palisade Wall x1 |
| 34:15 | PNAL | Miller · first_building Castle |
| 34:55 | Sóc Min · age_up imperial |
| 35:07 | Sóc Min · first_building Castle |
| 37:26 | PNAL | Miller · wall_segment Stone Wall x1 |
| 37:29 | PNAL | Miller · wall_segment Stone Wall x1 |
| 39:10 | PNAL | Miller · age_up imperial |
| 39:53 | PNAL | Miller · first_building Siege Workshop |
| 44:48 | PNAL | Miller · resign |
[ AI ANALYSIS · 1 CREDIT ]
What really happened in this match?
Wolo.gg analyzes every decision: build order, eco, micro, common mistakes by bracket. Personalized analysis on WhatsApp or Discord in 30 seconds.
Civ guide
Italians
Perfil
Jugador #4198666